3A
KENNESAW JETS @ LOUISIANA DRAGOONS
08/19/2029
 
TOP OF THE 1ST
Kennesaw Jets batting - Pitching for Louisiana Dragoons : RHP Hyung-ki Kim
Pitching: RHP Hyung-ki Kim
Batting: RHB Juan Herrera 0-0: Foul Ball, location: 2F
0-1: Foul Ball, location: 2F
0-2: Ball
1-2: Strikes out swinging
Batting: RHB Javier De La Garza 0-0: Called Strike
0-1: Ball
1-1: Ball
2-1: Called Strike
2-2: Strikes out swinging
Batting: RHB Lester Kwiatkowski 0-0: Ball
1-0: Foul Ball, location: 2F
1-1: Called Strike
1-2: Ball
2-2: Fly out, F7 (Line Drive, 7)
Top of the 1st over - 0 runs, 0 hits, 0 errors, 0 left on base; Kennesaw 0 - Louisiana 0
BOTTOM OF THE 1ST
Louisiana Dragoons batting - Pitching for Kennesaw Jets : RHP Aidan Clift
Pitching: RHP Aidan Clift
Batting: RHB Reynaldo Padilla 0-0: SINGLE (Groundball, 56D)
Batting: RHB Min-gook Ch'oe 0-0: Ball
1-0: Called Strike
1-1: Called Strike
Reynaldo Padilla steals 2nd base
1-2: Ball
2-2: Strikes out swinging
Batting: RHB Domingo Trujillo 0-0: DOUBLE (Line Drive, 78D)
Reynaldo Padilla scores
Batting: LHB Mike Houston 0-0: Called Strike
0-1: Called Strike
0-2: Ball
1-2: Ground out 5-3 (Groundball, 56S)
Domingo Trujillo to third
Batting: LHB Juan Alvarado 0-0: Ball
1-0: Swinging Strike
1-1: Called Strike
1-2: Foul Ball, location: 2F
1-2: Reached on error, E1 (Groundball, 15S)
Domingo Trujillo scores
Batting: RHB George Rardin 0-0: Called Strike
0-1: Ball
1-1: Ball
2-1: Ball
3-1: Base on Balls
Juan Alvarado to second
Batting: RHB Nelson Muntz 0-0: Fly out, F8 (Flyball, 78M)
Bottom of the 1st over - 2 runs, 2 hits, 1 error, 2 left on base; Kennesaw 0 - Louisiana 2
TOP OF THE 2ND
Kennesaw Jets batting - Pitching for Louisiana Dragoons : RHP Hyung-ki Kim
Batting: RHB Tomás Gonzáles 0-0: Ball
1-0: Called Strike
1-1: Foul Ball, location: 2F
1-2: Ground out U3 (Groundball, 34)
Batting: SHB Paul Wite 0-0: Called Strike
0-1: SINGLE (Flyball, 89S)
Batting: RHB Maurice Tremain 0-0: Ball
1-0: Grounds into double play, 5-4-3 (Groundball, 5)
Top of the 2nd over - 0 runs, 1 hit, 0 errors, 0 left on base; Kennesaw 0 - Louisiana 2
BOTTOM OF THE 2ND
Louisiana Dragoons batting - Pitching for Kennesaw Jets : RHP Aidan Clift
Batting: RHB George Albaugh 0-0: Swinging Strike
0-1: Foul Ball, location: 2F
0-2: Ball
1-2: Ball
2-2: Ball
3-2: Foul Ball, location: 2F
3-2: Base on Balls
Batting: RHB Greg Kennamer 0-0: Ball
1-0: Ball
2-0: Foul Ball, location: 2F
2-1: Fly out, F9 (Flyball, 89D)
Batting: RHB Reynaldo Padilla 0-0: Grounds into double play, 4-6-3 (Groundball, 34)
Bottom of the 2nd over - 0 runs, 0 hits, 0 errors, 0 left on base; Kennesaw 0 - Louisiana 2
TOP OF THE 3RD
Kennesaw Jets batting - Pitching for Louisiana Dragoons : RHP Hyung-ki Kim
Batting: RHB Ralph Sands 0-0: Ground out 6-3 (Groundball, 6)
Batting: RHB Domingo Torres 0-0: Foul Ball, location: 2F
0-1: Swinging Strike
0-2: Strikes out swinging
Batting: RHB Jason Hopdown 0-0: Called Strike
0-1: Ball
1-1: Foul Ball, location: 2F
1-2: Ball
2-2: Foul Ball, location: 2F
2-2: Foul Ball, location: 2F
2-2: Foul Ball, location: 2F
2-2: Ball
3-2: Ground out 6-3 (Groundball, 6)
Top of the 3rd over - 0 runs, 0 hits, 0 errors, 0 left on base; Kennesaw 0 - Louisiana 2
BOTTOM OF THE 3RD
Louisiana Dragoons batting - Pitching for Kennesaw Jets : RHP Aidan Clift
Batting: RHB Min-gook Ch'oe 0-0: DOUBLE (Line Drive, 8RXD)
Batting: RHB Domingo Trujillo 0-0: Ball
1-0: Ball
2-0: SINGLE (Flyball, 7LS)
Min-gook Ch'oe to third
Runner from 3rd tries for Home, SAFE, no throw
Batting: LHB Mike Houston 0-0: Called Strike
0-1: Ball
1-1: Called Strike
1-2: Ball
2-2: Foul Ball, location: 2F
2-2: Foul Ball, location: 2F
2-2: Ball
3-2: Foul Ball, location: 2F
3-2: Foul Ball, location: 2F
3-2: Fly out, F9 (Flyball, 9)
Batting: LHB Juan Alvarado 0-0: Foul Ball, location: 2F
0-1: Ball
1-1: Fielders Choice at 2nd, 6-4 (Groundball, 6)
Batting: RHB George Rardin 0-0: Called Strike
0-1: SINGLE (Line Drive, 78S)
Juan Alvarado to second
Batting: RHB Nelson Muntz 0-0: Called Strike
0-1: Ball
1-1: Called Strike
1-2: Foul Ball, location: 2F
1-2: Foul Ball, location: 2F
1-2: Ball
2-2: Fielders Choice at 2nd, 6-4 (Groundball, 56D)
Bottom of the 3rd over - 1 run, 3 hits, 0 errors, 2 left on base; Kennesaw 0 - Louisiana 3
TOP OF THE 4TH
Kennesaw Jets batting - Pitching for Louisiana Dragoons : RHP Hyung-ki Kim
Batting: RHB Juan Herrera 0-0: Ball
1-0: Ball
2-0: Swinging Strike
2-1: Swinging Strike
2-2: Strikes out looking
Batting: RHB Javier De La Garza 0-0: Called Strike
0-1: Ball
1-1: Ball
2-1: SINGLE (Flyball, 89S)
Batting: RHB Lester Kwiatkowski 0-0: Ball
1-0: Ball
2-0: Foul Ball, location: 2F
2-1: Swinging Strike
2-2: Foul Ball, location: 2F
2-2: Ball
3-2: Ground out 1-3 (Groundball, 13)
Javier De La Garza to second
Batting: RHB Tomás Gonzáles 0-0: Ground out 6-3 (Groundball, 56)
Top of the 4th over - 0 runs, 1 hit, 0 errors, 1 left on base; Kennesaw 0 - Louisiana 3
BOTTOM OF THE 4TH
Louisiana Dragoons batting - Pitching for Kennesaw Jets : RHP Aidan Clift
Batting: RHB George Albaugh 0-0: Fly out, F7 (Flyball, 7S)
Batting: RHB Greg Kennamer 0-0: Ball
1-0: Fly out, F7 (Flyball, 7)
Batting: RHB Reynaldo Padilla 0-0: Ball
1-0: Foul Ball, location: 2F
1-1: Ball
2-1: Swinging Strike
2-2: SINGLE (Flyball, 8RS)
Batting: RHB Min-gook Ch'oe 0-0: Ball
1-0: Ball
2-0: Called Strike
2-1: Foul Ball, location: 2F
2-2: Fly out, F4 (Line Drive, 4M)
Bottom of the 4th over - 0 runs, 1 hit, 0 errors, 1 left on base; Kennesaw 0 - Louisiana 3
TOP OF THE 5TH
Kennesaw Jets batting - Pitching for Louisiana Dragoons : RHP Hyung-ki Kim
Batting: SHB Paul Wite 0-0: Called Strike
0-1: Swinging Strike
0-2: Foul Ball, location: 2F
0-2: Strikes out swinging
Batting: RHB Maurice Tremain 0-0: Fly out, F6 (Popup, 6M)
Batting: RHB Ralph Sands 0-0: Swinging Strike
0-1: Foul Ball, location: 2F
0-2: Strikes out swinging
Top of the 5th over - 0 runs, 0 hits, 0 errors, 0 left on base; Kennesaw 0 - Louisiana 3
BOTTOM OF THE 5TH
Louisiana Dragoons batting - Pitching for Kennesaw Jets : RHP Aidan Clift
Batting: RHB Domingo Trujillo 0-0: Ball
1-0: Swinging Strike
1-1: Reached on error, E8 (Flyball, 8LD)
Batting: LHB Mike Houston 0-0: Ball
1-0: Foul Ball, location: 2F
1-1: Foul Ball, location: 2F
1-2: Ball
2-2: SINGLE (Groundball, 6MD)
Domingo Trujillo to third
Batting: LHB Juan Alvarado 0-0: Ball
1-0: Swinging Strike
1-1: DOUBLE (Line Drive, 9LM)
Domingo Trujillo scores
Mike Houston to third
Batting: RHB George Rardin 0-0: Ball
1-0: Swinging Strike
1-1: Foul Ball, location: 2F
1-2: Foul Ball, location: 2F
1-2: Strikes out swinging
Batting: RHB Nelson Muntz 0-0: Foul Ball, location: 2F
0-1: Ball
1-1: Foul Ball, location: 2F
1-2: Ball
2-2: Ball
3-2: Strikes out looking
Batting: RHB George Albaugh 0-0: Foul Ball, location: 2F
0-1: Ground out 4-3 (Groundball, 4S)
Bottom of the 5th over - 1 run, 2 hits, 1 error, 2 left on base; Kennesaw 0 - Louisiana 4
TOP OF THE 6TH
Kennesaw Jets batting - Pitching for Louisiana Dragoons : RHP Hyung-ki Kim
Batting: RHB Domingo Torres 0-0: Ground out 6-3 (Groundball, 6)
Batting: RHB Jason Hopdown 0-0: Called Strike
0-1: Ball
1-1: Foul Ball, location: 2F
1-2: Ball
2-2: Ball
3-2: SINGLE (Groundball, 6MD)
Batting: RHB Juan Herrera Balk!
Jason Hopdown to second
0-0: Ball
1-0: Called Strike
1-1: Ground out 5-3 (Groundball, 56)
Batting: RHB Javier De La Garza 0-0: Ball
1-0: SINGLE (Line Drive, 8RS)
Jason Hopdown to third
Runner from 3rd tries for Home, SAFE, throw made home
Batting: RHB Lester Kwiatkowski 0-0: Ball
1-0: Called Strike
1-1: Ball
2-1: Ball
3-1: Called Strike
3-2: Strikes out swinging
Top of the 6th over - 1 run, 2 hits, 0 errors, 1 left on base; Kennesaw 1 - Louisiana 4
BOTTOM OF THE 6TH
Louisiana Dragoons batting - Pitching for Kennesaw Jets : RHP Aidan Clift
Batting: RHB Greg Kennamer 0-0: Bunted foul
0-1: DOUBLE (Flyball, 7LD)
Batting: RHB Reynaldo Padilla 0-0: Ball
1-0: Ground out 5-3 (Groundball, 5L)
Batting: RHB Min-gook Ch'oe 0-0: Ball
1-0: Foul Ball, location: 2F
1-1: TRIPLE (Flyball, 8LXD)
Greg Kennamer scores
Batting: RHB Domingo Trujillo 0-0: Called Strike
0-1: SINGLE (Line Drive, 56D)
Min-gook Ch'oe scores
Pitching: RHP Bill Wallace
Batting: LHB Mike Houston 0-0: Foul Ball, location: 2F
0-1: Foul Ball, location: 2F
0-2: Ball
1-2: Ball
2-2: Foul Ball, location: 2F
2-2: Ball
3-2: Foul Ball, location: 2F
3-2: Base on Balls
Domingo Trujillo to second
Batting: LHB Juan Alvarado 0-0: Hit by Pitch
Domingo Trujillo to third
Mike Houston to second
Batting: RHB George Rardin 0-0: Called Strike
0-1: Ball
1-1: Called Strike
1-2: Strikes out swinging
Batting: RHB Nelson Muntz 0-0: Ball
1-0: Called Strike
1-1: Called Strike
1-2: Strikes out looking
Bottom of the 6th over - 2 runs, 3 hits, 0 errors, 3 left on base; Kennesaw 1 - Louisiana 6
TOP OF THE 7TH
Kennesaw Jets batting - Pitching for Louisiana Dragoons : RHP Hyung-ki Kim
Now at SS: Ben Hunter
Now in LF: Stephen Webb
Batting: RHB Tomás Gonzáles 0-0: Ground out U3 (Groundball, 34)
Batting: SHB Paul Wite 0-0: Foul Ball, location: 2F
0-1: Swinging Strike
0-2: Ball
1-2: Foul Ball, location: 2F
1-2: Ball
2-2: Ball
3-2: Foul Ball, location: 2F
3-2: Strikes out swinging, 2-3 out at first.
Batting: RHB Maurice Tremain 0-0: Called Strike
0-1: TRIPLE (Flyball, 78XD)
Batting: RHB Ralph Sands 0-0: Ball
1-0: Ball
2-0: Called Strike
2-1: Foul Ball, location: 2F
2-2: Strikes out swinging
Top of the 7th over - 0 runs, 1 hit, 0 errors, 1 left on base; Kennesaw 1 - Louisiana 6
BOTTOM OF THE 7TH
Louisiana Dragoons batting - Pitching for Kennesaw Jets : RHP Bill Wallace
Batting: RHB George Albaugh 0-0: Fly out, F7 (Flyball, 78M)
Batting: RHB Greg Kennamer 0-0: Ball
1-0: Called Strike
1-1: Foul Ball, location: 2F
1-2: Ball
2-2: Ball
3-2: Foul Ball, location: 2F
3-2: Base on Balls
Batting: RHB Reynaldo Padilla 0-0: Foul Ball, location: 2F
0-1: Ground out 4-3 (Groundball, 34)
Greg Kennamer to second
Batting: RHB Min-gook Ch'oe 0-0: Foul Ball, location: 2F
0-1: Ball
1-1: Swinging Strike
1-2: Foul Ball, location: 2F
1-2: Ball
2-2: Ball
3-2: Fly out, F9 (Flyball, 9LSF)
Bottom of the 7th over - 0 runs, 0 hits, 0 errors, 1 left on base; Kennesaw 1 - Louisiana 6
TOP OF THE 8TH
Kennesaw Jets batting - Pitching for Louisiana Dragoons : RHP Hyung-ki Kim
Pitching: RHP Benjamin Weightman
Now at C: Miguel Betancourt
Batting: RHB Domingo Torres 0-0: Ball
1-0: SINGLE (Line Drive, 7LS)
Batting: RHB Jason Hopdown 0-0: Fly out, F6 (Line Drive, 6)
Batting: RHB Juan Herrera 0-0: Swinging Strike
0-1: Fly out, F7 (Flyball, 78S)
Now in LF: Ken Gill
Batting: RHB Javier De La Garza 0-0: Ball
1-0: Swinging Strike
1-1: Ground out 1-3 (Groundball, 15)
Top of the 8th over - 0 runs, 1 hit, 0 errors, 1 left on base; Kennesaw 1 - Louisiana 6
BOTTOM OF THE 8TH
Louisiana Dragoons batting - Pitching for Kennesaw Jets : RHP Bill Wallace
Batting: RHB Domingo Trujillo 0-0: Ball
1-0: Ground out 5-3 (Groundball, 56)
Batting: RHB Ben Hunter 0-0: Called Strike
0-1: Ball
1-1: Reached on error, E5 (Groundball, 5)
Batting: LHB Juan Alvarado 0-0: Ground out 1-3 (Groundball, 13S)
Ben Hunter to third
Batting: RHB George Rardin 0-0: Foul Ball, location: 2F
0-1: Foul Ball, location: 2F
0-2: Ball
1-2: Fly out, F7 (Flyball, 7LM)
Bottom of the 8th over - 0 runs, 0 hits, 1 error, 1 left on base; Kennesaw 1 - Louisiana 6
TOP OF THE 9TH
Kennesaw Jets batting - Pitching for Louisiana Dragoons : RHP Benjamin Weightman
Batting: RHB Lester Kwiatkowski 0-0: Ball
1-0: Ball
2-0: Called Strike
2-1: Ground out 6-3 (Groundball, 56D)
Batting: RHB Tomás Gonzáles 0-0: Ball
1-0: Called Strike
1-1: Ground out 3-1 (Groundball, 34)
Batting: SHB Paul Wite 0-0: Called Strike
0-1: Ball
1-1: DOUBLE (Groundball, 5L)
Batting: RHB Maurice Tremain 0-0: Fly out, F7 (Flyball, 7S)
Top of the 9th over - 0 runs, 1 hit, 0 errors, 1 left on base; Kennesaw 1 - Louisiana 6
Tuesday, December 19th, 2017 - OOTP Baseball 18.8 Build 76